 Dungeon Crawl Stone Soup version 0.20.1-1-g8b1a95d (webtiles) character file.

3887 Marthos the Destroyer (level 10, -1/69 HPs)
             Began as a Demonspawn Wizard on Dec 4, 2017.
             Was a Follower of Sif Muna.
             Slain by a hell rat (2 damage)
             ... on level 7 of the Dungeon.
             The game lasted 00:26:16 (10244 turns).

Marthos the Destroyer (Demonspawn Wizard)          Turns: 10244, Time: 00:26:18

Health: -1/69      AC:  9    Str:  9      XL:     10   Next: 0%
Magic:  0/22       EV: 12    Int: 22      God:    Sif Muna [*.....]
Gold:   506        SH:  3    Dex: 16 (17) Spells: 14/25 levels left

rFire    . . .     SeeInvis +   i - +3 short sword (protect)
rCold    . . .     Gourm    .   J - +0 buckler
rNeg     . . .     Faith    +   g - +1 robe {MR+}
rPois    .         Spirit   +   b - +1 hat
rElec    .         Reflect  .   (no cloak)
rCorr    .         Harm     .   l - +0 pair of gloves
MR       +....                  f - +0 pair of boots
Stlth    +++++.....             q - amulet of faith
Regen    0.3/turn               H - ring of see invisible
MPRegen  0.2/turn               D - +6 ring of dexterity

@: heavily drained
A: claws 2, yellow scales 2, nightstalker 2, robust 1, magic shield, MP-powered
wands
a: Divine Energy, Renounce Religion


You were on level 7 of the Dungeon.
You worshipped Sif Muna.
Sif Muna was aware of your devotion.
You were near starving.

You visited 2 branches of the dungeon, and saw 9 of its levels.

You collected 506 gold pieces.

Inventory:

Hand Weapons
 i - a +3 short sword of protection (weapon)
Armour
 b - a +1 hat (worn)
 f - a +0 pair of boots (worn)
 g - a +1 robe of magic resistance (worn)
 l - a +0 pair of gloves (worn)
 J - a +0 buckler (worn)
Jewellery
 a - an uncursed amulet of rage {unknown}
 q - an amulet of faith (around neck)
 D - a +6 ring of dexterity (right hand)
 H - a ring of see invisible (left hand)
Wands
 h - a wand of enslavement (11/24)
 p - a wand of iceblast (7/15)
 s - a wand of flame (25/48)
 x - a wand of random effects (32/48)
 E - a wand of paralysis (19/24)
Scrolls
 e - 6 scrolls of identify
 n - a scroll of amnesia
 o - a scroll of teleportation
 r - a scroll of acquirement {unknown}
 t - 3 scrolls of enchant armour
 v - 2 scrolls of fog {unknown}
 w - 2 scrolls of remove curse
 y - a scroll of enchant weapon
 K - a scroll of magic mapping
Potions
 m - 2 potions of brilliance
 u - a potion of berserk rage {unknown}
 C - a potion of resistance
Books
 c - a book of Minor Magic

   Spells                             Type                      Level
   a - Magic Dart                     Conjuration                  1
   b - Blink                          Translocation                2
   c - Call Imp                       Summoning                    2
   d - Slow                           Hexes                        2
   e - Conjure Flame                  Conjuration/Fire             3
   f - Mephitic Cloud                 Conjuration/Poison/Air       3
Comestibles
 d - 9 bread rations
 j - 5 meat rations
 k - 5 royal jellies
 A - a fruit


   Skills:
 - Level 5.0(2.8) Dodging
 + Level 6.3(4.1) Stealth
 + Level 1.5(0.0) Shields
 * Level 8.2(5.8) Spellcasting
 * Level 8.4(6.1) Conjurations
 - Level 1.0(0.0) Summonings
 - Level 0.8(0.0) Translocations


You had 14 spell levels left.
You knew the following spells:

 Your Spells              Type           Power        Failure   Level  Hunger
a - Magic Dart            Conj           ####         1%          1    None
b - Call Imp              Summ           #.......     24%         2    None
c - Mephitic Cloud        Conj/Pois/Air  ###.....     21%         3    ##.....
d - Blink                 Tloc           N/A          24%         2    None
e - Conjure Flame         Conj/Fire      ###.....     13%         3    ##.....


Dungeon Overview and Level Annotations

Branches:
Dungeon (8/15)             Temple (1/1) D:7
   Lair: D:8-11

Altars:
Cheibriados
Elyvilon
Fedhas
Gozag
Hepliaklqana
Kikubaaqudgha
Nemelex Xobeh
Okawaru
Qazlal
Ru
Sif Muna
Trog
Uskayaw
Xom
Yredelemnul
Zin
The Shining One


Innate Abilities, Weirdness & Mutations

You have very sharp fingernails.
You are mostly covered in yellow scales. (AC +3)
You are significantly more attuned to the shadows.
When hurt, damage is shared between your health and your magic reserves.
You are robust. (+10% HP)
You expend magic power (3 MP) to strengthen your wands.


Message History

The hell rat barely misses you. You block the hell rat's attack.
An adder comes into view.
The hell rat closely misses you. The hell rat bites you.
* * * LOW HITPOINT WARNING * * *
You block the hell rat's attack. You block the hell rat's attack.
Your magical contamination has completely faded away.
The hell rat completely misses you.
Casting: Blink
Confirm with . or Enter, or press ? or * to list all spells.
You blink.
You are near starving!
Casting: Blink
Confirm with . or Enter, or press ? or * to list all spells.
You blink.
The hell rat bites you!
* * * LOW HITPOINT WARNING * * *
You feel drained.
You die...

#.#.......)........##........## #
#.##...####......####.....<.#.###
#....#.....(#.##.# #.......##...
####...######.##.# #####.###.###
##.## #.##.# ##.#(.##. #.# #.##.#
##...... #.#######.##.# #...#.#
#............# #.#....
##########.##@# #.#.#..
#......<...##r# #......
#(###########.# #...#.. #.#
#......# #.#.... #.#
#.###############.#.#.. #.### #.#
#..........#.... #...# #.#
#.##########.#.# ###.# #.# #.#
######.... ##...## #.# #.#
#.........


You could see a hell rat.

Vanquished Creatures
  Pikel (D:3)
  Grinder (D:4)
  2 hippogriffs (D:7)
  Sigmund (D:3)
  A spriggan (D:7)
  Menkaure (D:7)
  A porcupine (D:7)
  A water moccasin (D:6)
  3 ice beasts
  A slave (D:2)
  A phantom (D:6)
  3 ogres
  A big kobold (D:5)
  4 bullfrogs
  3 scorpions
  3 wights (D:6)
  3 howler monkeys
  3 crimson imps
  A quasit (D:8)
  A bullfrog zombie (D:6)
  2 hounds
  A jelly (D:6)
  A centaur skeleton (D:5)
  3 orc priests (D:6)
  5 orc wizards
  A bullfrog skeleton (D:3)
  An iguana (D:7)
  Terence (D:2)
  2 worker ants
  A hound skeleton (D:6)
  Robin (D:3)
  2 howler monkey skeletons (D:7)
  6 gnolls
  A howler monkey zombie (D:5)
  13 adders
  2 shadow imps (D:7)
  3 adder zombies
  An adder skeleton (D:7)
  3 worms
  3 dart slugs (D:1)
  5 leopard geckos
  21 orcs
  9 bats
  4 giant cockroaches (D:1)
  18 goblins
  7 hobgoblins
  2 jackals (D:1)
  14 kobolds
  6 quokkas
  A frilled lizard (D:3)
  A jackal zombie (D:7)
  2 leopard gecko zombies
  A quokka skeleton (D:5)
  8 rats
188 creatures vanquished.

Vanquished Creatures (collateral kills)
  An ice beast (D:7)
  A bullfrog (D:7)
  A wight (D:6)
  A hell rat (D:8)
4 creatures vanquished.

Grand Total: 192 creatures vanquished

Notes
Turn   | Place    | Note
-------+----------+-------------------------------------------
     0 | D:1      | Marthos the Demonspawn Wizard began the quest for the Orb.
     0 | D:1      | Reached XP level 1. HP: 13/13 MP: 4/4
   459 | D:1      | Gained mutation: You have sharp fingernails. [demonic ancestry]
   459 | D:1      | Reached XP level 2. HP: 13/19 MP: 1/6
   985 | D:1      | Reached XP level 3. HP: 6/24 MP: 1/7
  1507 | D:2      | Learned a level 2 spell: Call Imp
  1511 | D:2      | Learned a level 3 spell: Mephitic Cloud
  1876 | D:2      | Gained mutation: You are partially covered in yellow scales. (AC +2) [demonic ancestry]
  1876 | D:2      | Reached XP level 4. HP: 29/30 MP: 3/9
  2264 | D:3      | Noticed Terence
  2358 | D:2      | Killed Terence
  2647 | D:3      | Reached XP level 5. HP: 35/35 MP: 2/10
  2815 | D:3      | Found a glowing golden altar of the Shining One.
  2888 | D:3      | Noticed Robin
  2932 | D:3      | Killed Robin
  3274 | D:3      | Noticed Sigmund
  3360 | D:3      | Killed Sigmund
  3360 | D:3      | Gained mutation: You have very sharp fingernails. [demonic ancestry]
  3360 | D:3      | Reached XP level 6. HP: 41/41 MP: 3/12
  3562 | D:4      | Noticed Grinder
  3710 | D:4      | Found a sacrificial altar of Ru.
  3725 | D:4      | Killed Grinder
  3725 | D:4      | Reached skill level 5 in Spellcasting
  3725 | D:4      | Gained mutation: When hurt, damage is shared between your health and your magic reserves. [demonic ancestry]
  3725 | D:4      | Reached XP level 7. HP: 29/46 MP: 2/14
  3889 | D:4      | Noticed Pikel
  4143 | D:3      | Killed Pikel
  4143 | D:3      | Reached skill level 5 in Conjurations
  4488 | D:4      | Gained mutation: You are mostly covered in yellow scales. (AC +3) [demonic ancestry]
  4488 | D:4      | Reached XP level 8. HP: 52/52 MP: 11/16
  4721 | D:5      | Entered Level 5 of the Dungeon
  6040 | D:6      | Found a blossoming altar of Fedhas.
  6334 | D:6      | Reached skill level 5 in Stealth
  6396 | D:6      | Found a bloodstained altar of Trog.
  6799 | D:5      | Gained mutation: You are robust. (+10% HP) [potion of mutation]
  6799 | D:5      | Gained mutation: You expend magic power (3 MP) to strengthen your wands. [potion of mutation]
  6799 | D:5      | Gained mutation: Your magical capacity is low. (-10% MP) [potion of mutation]
  6799 | D:5      | Lost mutation: Your magical capacity is low. (-10% MP) [potion of mutation]
  6960 | D:6      | Gained mutation: You are slightly more attuned to the shadows. [demonic ancestry]
  6960 | D:6      | Reached XP level 9. HP: 62/62 MP: 14/19
  7404 | D:6      | Found a snail-covered altar of Cheibriados.
  7405 | D:6      | Found a basalt altar of Yredelemnul.
  7908 | D:7      | Found a staircase to the Ecumenical Temple.
  7923 | Temple   | Entered the Ecumenical Temple
  7983 | Temple   | Became a worshipper of Sif Muna the Loreminder
  8046 | D:7      | Found a stormy altar of Qazlal.
  8213 | D:7      | Noticed Menkaure
  8223 | D:7      | Killed Menkaure
  8816 | D:7      | Reached * piety under Sif Muna
  8816 | D:7      | Reached skill level 5 in Dodging
  9439 | D:8      | Noticed a death yak
  9440 | D:8      | Noticed a death yak
  9457 | D:8      | Noticed a death yak
  9474 | D:7      | Reached skill level 1 in Shields
  9843 | D:7      | Learned a level 2 spell: Blink
  9847 | D:7      | Learned a level 3 spell: Conjure Flame
  9997 | D:8      | Gained mutation: You are significantly more attuned to the shadows. [demonic ancestry]
  9997 | D:8      | Reached XP level 10. HP: 69/69 MP: 5/22
 10148 | D:8      | Found a hide-covered altar of Uskayaw.
 10186 | D:8      | HP: 1/69 [hell rat (3)]
 10244 | D:7      | HP: 1/69 [hell rat (10)]
 10244 | D:7      | Slain by a hell rat

Skill      XL: |  1  2  3  4  5  6  7  8  9 |
---------------+----------------------------+-----
Stealth        | 2 3 4 5 6 |  6.3
Dodging        | 2 3 4 5 |  5.0
Conjurations   | 2 3 4 5 6 8 |  8.4
Spellcasting   | 4 5 6 8 |  8.2
Shields        | 1 |  1.5
Summonings     | |  1.0
Translocations | |  0.8

Action                   |  1- 3 |  4- 6 |  7- 9 | 10-12 || total
-------------------------+-------+-------+-------+-------++-------
Melee: Unarmed           |    41 |       |       |       ||    41
       Short sword       |    26 |   124 |   244 |       ||   394
 Cast: Magic Dart        |    70 |   102 |   377 |     9 ||   558
       Mephitic Cloud    |       |     4 |     7 |       ||    11
       Call Imp          |       |     3 |    34 |     5 ||    42
       Blink             |       |       |     1 |     2 ||     3
  Use: Potion            |     2 |       |     9 |       ||    11
       Scroll            |       |       |    11 |       ||    11
 Stab: Confused          |       |     4 |     5 |       ||     9
       Distracted        |       |       |     2 |       ||     2
       Sleeping          |       |       |     1 |       ||     1
  Eat: Chunk             |     2 |     7 |    15 |       ||    24
       Bread ration      |       |       |     1 |       ||     1
Armor: Robe              |    42 |    49 |   215 |     1 ||   307
       Skin              |       |       |    23 |       ||    23
Dodge: Dodged            |    50 |   109 |   315 |    11 ||   485
Block: Buckler           |       |       |    58 |     5 ||    63
